 Dungeon Crawl Stone Soup version 0.29-a0-111-gbaf749a769 (webtiles) character file.

Game seed: 8355453554422609006

2020 kae the Ruffian (level 9, -2/85 HPs)
             Began as a Purple Draconian Transmuter on Feb 17, 2022.
             Was an Initiate of Ru.
             Killed by divine providence
             ... invoked by an orc priest
              (13 damage)
             ... on level 7 of the Dungeon.
             The game lasted 00:05:16 (7294 turns).

kae the Ruffian (Purple Draconian Transmuter)       Turns: 7294, Time: 00:05:16

Health: -2/85      AC:  7    Str: 21    XL:     9   Next: 3%
Magic:  16/16      EV: 10    Int: 16    God:    Ru [......]
Gold:   286        SH:  0    Dex: 11    Spells: 9/17 levels left

rFire   x . .      SeeInvis .     - Unarmed
rCold   + + +      Faith    .   (shield currently unavailable)
rNeg    . . .      Spirit   .   (armour unavailable)
rPois   +          Reflect  .   (helmet currently unavailable)
rElec   .          Harm     .   (cloak currently unavailable)
rCorr   .          Rampage  .   (gloves currently unavailable)
Will    +....                   (boots currently unavailable)
Stlth   +.........              (no amulet)
HPRegen 0.24/turn               k - +6 ring of strength
MPRegen 0.15/turn               (no ring)

@: confused, lethally poisoned (-2 -> -13), ice-form, ambrosia-drunk
A: freezing attack, amphibious, boosted hp, (breathe power), AC +7, large,
unfitting armour, (cold-blooded)
a: End Transformation, Renounce Religion


You were on level 7 of the Dungeon.
You worshipped Ru.
Ru was noncommittal.
You were a creature of crystalline ice.
You visited 1 branch of the dungeon, and saw 7 of its levels.

You collected 286 gold pieces.

Inventory:

Armour
 l - the +3 pair of gauntlets of War (melded) {Slay+5}
   (You found it on level 3 of the Dungeon)

   Slay:      It affects your accuracy & damage with ranged weapons and melee
   (+5).
Jewellery
 k - a +6 ring of strength (left front paw)
 o - a +4 ring of protection
 s - a +4 ring of protection
Wands
 a - a wand of flame (20)
 h - a wand of iceblast (15)
 n - a wand of acid (21)
Scrolls
 d - 2 scrolls of teleportation
 g - 2 scrolls of identify
 j - 2 scrolls of enchant weapon
 p - a scroll of brand weapon {unknown}
Potions
 c - 2 potions of degeneration
 e - a potion of curing
 f - a potion of flight
 i - 2 potions of attraction
 m - a potion of magic
 q - a potion of might
 r - a potion of lignification


   Skills:
 + Level 4.3 Fighting
 + Level 3.8 Dodging
 * Level 6.4 Unarmed Combat
 + Level 4.9 Spellcasting
 * Level 5.9 Transmutations
 * Level 4.6 Ice Magic
 - Level 2.0 Poison Magic


You had 9 spell levels left.
You knew the following spells:

 Your Spells              Type           Power      Damage    Failure   Level
a - Beastly Appendage     Tmut           46%        N/A       1%          1
b - Spider Form           Tmut/Pois      16%        N/A       9%          3
c - Ice Form              Ice/Tmut       20%        N/A       17%         4

Your spell library contained the following spells:

 Spells                   Type           Power      Damage    Failure   Level
 Wereblood                Tmut           23%        N/A       1%          2
 Ensorcelled Hibernation  Hex/Ice        22%        N/A       9%          2
 Anguish                  Hex/Necr       1%         N/A       83%         4
 Animate Dead             Necr           1%         N/A       83%         4
 Haunt                    Necr/Summ      1%         N/A       100%        7
 Infestation              Necr           1%         N/A       100%        8


Dungeon Overview and Level Annotations

Branches:
Dungeon (7/15)             Temple (0/1) D:7

Altars:
Ru
Sif Muna

Shops:
D:6 *[


Innate Abilities, Weirdness & Mutations

You are a creature of crystalline ice.
You have a powerful freezing melee attack.
You are amphibious.
Your maximum health is increased.
Your armour is entirely melded.
You are incapable of wielding weapons or throwing items.
((You can breathe bolts of dispelling energy.))
((Your rich purple scales are hard. (AC +7)))
You cannot fit into any form of body armour.
((You are cold-blooded and may be slowed by cold attacks.))


Message History

Your experience leads to an increase in your attributes!
Your base attributes are Str 13, Int 16, Dex 11.
Increase (S)trength, (I)ntelligence, or (D)exterity?
You feel stronger. x2; Your scales feel tougher.
Okay, then.
Things that are here:
a +0 battleaxe; a +0 plate armour The orc priest closely misses you.
The orc priest hits you with a +2 dagger of venom!
* * * LOW HITPOINT WARNING * * *
You are lethally poisoned!
You barely miss the orc priest.
* * * LOW HITPOINT WARNING * * *
You feel very sick.
The orc priest hits you but does no damage.
The orc closely misses you.
You are confused.
You feel invigorated.
You feel sick.
The orc priest hits you with a +2 dagger of venom.
* * * LOW HITPOINT WARNING * * *
You are lethally poisoned!
The orc priest closely misses you. The orc hits you with a +0 hand axe.
* * * LOW HITPOINT WARNING * * *
You punch the orc priest! You freeze the orc priest.
The orc priest is severely wounded.
* * * LOW HITPOINT WARNING * * *
You feel sick.
The orc priest hits you but does no damage.
The orc priest barely misses you. The orc closely misses you.
You bump into the rock wall.
You feel very sick.
The orc priest hits you but does no damage.
You are lethally poisoned!
The orc priest closely misses you. The orc hits you but does no damage.
You bump into the rock wall.
* * * LOW HITPOINT WARNING * * *
You feel very sick.
The orc priest calls down the wrath of Beogh upon you.
Beogh smites you!
You die...

# ##....****,,,,**
##### #...#** ******
.)))#####...##
###..........#
###...##...##
##..####..## * #..#
##.)## **###***** *#(##
##..## **....,,,,,
**..#
##oY###*##...o.,,,,,
****...#
##oo.##....o..,,,,,
,,,,...#
##........#*,,,,,,
,,,,,,**
##.....###**,,,,*
********** #....##
*,,,** *,,,*****
*#...## **,,*
**,,,,,,,****....# *,,*
**,,,**,,,,,,..>..#
*,,*
****,,,******,,......#*
*,,*


You could see 2 orc priests and an orc.

Vanquished Creatures
  Sigmund (D:5)
  Eustachio (D:5)
  A steam dragon (D:4)
  3 orc warriors
  A sky beast (D:7)
  A hornet zombie (D:7)
  A black bear (D:7)
  An ice beast (D:5)
  An ogre (D:6)
  A phantom (D:4)
  A kobold brigand (D:7)
  A bullfrog (D:7)
  2 scorpions
  A water moccasin skeleton (D:5)
  2 bullfrog zombies (D:6)
  A hound (D:6)
  A centaur zombie (D:6)
  2 jellies
  2 orc priests
  An iguana (D:5)
  2 orc wizards
  3 gnolls (D:3)
  4 adders
  An ufetubus (D:5)
  2 worms
  5 dart slugs
  10 orcs
  4 ball pythons
  7 endoplasms
  11 giant cockroaches
  A hobgoblin (D:3)
  3 jackals (D:1)
  10 kobolds
  3 quokkas (D:3)
  2 bats
  2 frilled lizards
  10 goblins
  4 rats (D:2)
110 creatures vanquished.

Vanquished Creatures (others)
  13 plants (D:5)
13 creatures vanquished.

Grand Total: 123 creatures vanquished

Notes
Turn   | Place    | Note
-------+----------+-------------------------------------------
     0 | D:1      | kae the Draconian Transmuter began the quest for the Orb.
     0 | D:1      | Reached XP level 1. HP: 16/16 MP: 3/3
   440 | D:1      | Reached XP level 2. HP: 23/23 MP: 3/5
   483 | D:1      | Found a faded altar of an unknown god.
  1516 | D:2      | Reached XP level 3. HP: 27/28 MP: 4/6
  1520 | D:2      | Learned a level 3 spell: Spider Form
  2184 | D:3      | Reached skill level 1 in Poison Magic
  2184 | D:3      | Reached XP level 4. HP: 34/36 MP: 3/7
  2417 | D:3      | Noticed a scorpion
  2424 | D:3      | Killed a scorpion
  2425 | D:3      | Reached skill level 4 in Unarmed Combat
  2425 | D:3      | Reached XP level 5. HP: 41/41 MP: 4/8
  3072 | D:3      | Found the +3 pair of gauntlets of War {Slay+5}
  3303 | D:4      | Noticed a steam dragon
  3592 | D:3      | Learned a level 4 spell: Ice Form
  4002 | D:4      | Noticed a phantom
  4245 | D:4      | Killed a phantom
  4246 | D:4      | Reached XP level 6. HP: 35/49 MP: 6/10
  4562 | D:4      | Killed a steam dragon
  4563 | D:4      | Reached skill level 1 in Ice Magic
  4881 | D:5      | Entered Level 5 of the Dungeon
  4887 | D:5      | Noticed Sigmund
  5014 | D:5      | Killed Sigmund
  5015 | D:5      | Your scales start taking on a rich purple colour.
  5015 | D:5      | Reached XP level 7. HP: 46/56 MP: 8/12
  5227 | D:5      | Noticed Eustachio
  5236 | D:5      | Killed Eustachio
  5237 | D:5      | Reached skill level 5 in Unarmed Combat
  5711 | D:5      | Found a shimmering blue altar of Sif Muna.
  5833 | D:6      | Found Xaanarcho's Antique Armour Emporium.
  6214 | D:5      | Reached XP level 8. HP: 63/63 MP: 10/14
  6251 | D:6      | Reached skill level 5 in Transmutations
  6441 | D:6      | Found a sacrificial altar of Ru.
  6450 | D:6      | Became a worshipper of Ru the Awakened
  6663 | D:6      | Found Zuhet's Fire Supplies.
  7172 | D:7      | Reached skill level 6 in Unarmed Combat
  7287 | D:7      | Reached XP level 9. HP: 16/71 MP: 12/16
  7294 | D:7      | Killed from afar by an orc priest

Illustrated notes

Levels and vault maps discovered:
D:1:      dpeg_arrival_erosion, layout_basic, ebering_ecumenical_altar_box,
          amethyst_killhole
D:2:      minmay_roachtagon, layout_loops_ring, minmay_domino_4
D:3:      layout_basic
D:4:      layout_cave_pools
D:5:      layout_basic, lemuel_round_altar, minmay_misc_feat_diagonals,
          serial_bayou_pond_c, minivault_23, uniq_sigmund, uniq_eustachio
D:6:      layout_basic, kennysheep_little_box, serial_shops,
          nicolae_stop_n_shop_1, nicolae_shop_fire_sale [nicolae_sub_dead_trees]
D:7:      layout_layer_cave, mainiacjoe_overflow_paths,
          minmay_temple_entry_mist, enter_bailey_2, uniq_menkaure

Skill      XL: |  1  2  3  4  5  6  7  8 |
---------------+-------------------------+-----
Dodging        | 2 3 |  3.8
Poison Magic   | 1 2 |  2.0
Transmutations | 3 4 5 |  5.9
Fighting       | 2 3 4 |  4.3
Unarmed Combat | 4 5 6 |  6.4
Ice Magic      | 2 3 4 |  4.6
Spellcasting   | 3 4 |  4.9

Action                   |  1- 3 |  4- 6 |  7- 9 || total
-------------------------+-------+-------+-------++-------
Melee: Unarmed           |   113 |   101 |   145 ||   359
       Kick              |    17 |    13 |       ||    30
       Headbutt          |     6 |    11 |       ||    17
       Punch             |     1 |       |       ||     1
       Tailslap          |    11 |    10 |       ||    21
 Cast: Beastly Appendage |    24 |    14 |       ||    38
       Spider Form       |     1 |     2 |    13 ||    16
       Ice Form          |       |     3 |     7 ||    10
 Abil: Breathe Dispellin |       |       |     1 ||     1
  Use: Scroll            |     5 |     8 |     4 ||    17
       Potion            |       |       |     1 ||     1
 Stab: Sleeping          |       |       |     1 ||     1
Armor: Skin              |    58 |    28 |    46 ||   132
Dodge: Dodged            |   128 |    41 |   113 ||   282

Table legend: (Time is in decaauts)
 A = Elapsed time spent in this place.
 B = Non-inter-level travel time spent in this place.
 C = Inter-level travel time spent in this place.
 D = Time resting spent in this place.
 E = Time spent auto-exploring this place.
 F = Levels seen in this place.
 G = Mean time per level.
                   A        B        C        D        E       F      G
               +--------+--------+--------+--------+--------+-----+--------+
         Total |   7270 |   7043 |    227 |   1475 |   4568 |   7 | 1038.6 |
       Dungeon |   7270 |   7043 |    227 |   1475 |   4568 |   7 | 1038.6 |
               +--------+--------+--------+--------+--------+-----+--------+

Top non-repeatable levels by time:
     D:3: 1677 daAuts
     D:4: 1141 daAuts
     D:2: 1089 daAuts
     D:1: 1059 daAuts
     D:6: 1033 daAuts
     D:5: 889 daAuts
     D:7: 379 daAuts
